[Event "January 9 Early 2024"]
[Site "https://www.chess.com"]
[Date "2024.01.11"]
[Round "7"]
[White "Javakhadze, Zurab"]
[Black "Pakleza, Zbigniew"]
[Result "0-1"]
[Board "203"]
[TimeControl "180+1"]
[WhiteFideId "13603647"]
[BlackFideId "1119290"]
[WhiteElo "2689"]
[BlackElo "2870"]
[WhiteTeam "GEO"]
[BlackTeam "POL"]
[WhiteClock "0:00:01"]
[BlackClock "0:00:06"]

1. Nf3 d5 2. g3 Nf6 3. Bg2 Bf5 4. O-O e6 5. d3 Be7 6. c4 c6 7. Be3 dxc4 8. dxc4 Qxd1 9. Rxd1 Nbd7 10. Nc3 a5 11. Nd4 Bg6 12. Nxc6 bxc6 13. Bxc6 Rc8 14. Bb5 Bb4 15. Bg5 O-O 16. Bxd7 Nxd7 17. Rxd7 Bxc3 18. bxc3 Rxc4 19. Bd2 Rb8 20. f3 h5 21. Kf2 Rb2 22. e4 f6 23. Ke3 Ra4 24. Ra7 e5 25. Ra8+ Kh7 26. Ra7 Be8 27. h4 Raxa2 28. Rxa2 Rxa2 29. c4 a4 30. Ra8 Ra3+ 31. Kf2 Bf7 32. c5 Bb3 33. c6 Ra2 34. c7 Rxd2+ 35. Ke3 Rc2 36. c8=Q Rxc8 37. Rxc8 a3 38. Ra8 a2 39. f4 Kg6 40. Ra6 Kf7 41. Kd3 Ke7 42. Kc3 Be6 43. Kb2 exf4 44. gxf4 g5 45. fxg5 fxg5 46. hxg5 h4 47. Ra8 h3 48. Rh8 Kf7 49. Rh6 Bc4 50. Ka1 Kg7 51. e5 Bf1 52. e6 Bc4 53. Kb2 Kf8 0-1

[Event "January 9 Early 2024"]
[Site "https://www.chess.com"]
[Date "2024.01.11"]
[Round "7"]
[White "Cupid, Kevin"]
[Black "Yelisieiev, Yevhenii"]
[Result "1-0"]
[Board "204"]
[TimeControl "180+1"]
[WhiteFideId "7700512"]
[BlackFideId "14139642"]
[WhiteElo "2340"]
[BlackElo "2495"]
[WhiteTeam "TTO"]
[BlackTeam "GER"]
[WhiteClock "0:00:15"]
[BlackClock "0:00:19"]

1. e4 d6 2. Nc3 Nf6 3. g3 e5 4. Bg2 Be7 5. Nge2 O-O 6. O-O c6 7. h3 b5 8. d4 b4 9. Nb1 Bb7 10. Re1 Re8 11. Bd2 exd4 12. Nxd4 c5 13. Nf5 Bf8 14. f3 Nc6 15. a3 a5 16. Bg5 Re6 17. axb4 axb4 18. Nd2 h6 19. Rxa8 Qxa8 20. Bxf6 Rxf6 21. Nc4 Qd8 22. Nfe3 Rg6 23. g4 h5 24. Qd2 hxg4 25. hxg4 Be7 26. Nf5 Ne5 27. Nxe5 dxe5 28. Qxd8+ Bxd8 29. Rd1 Bb6 30. Ne7+ Kh7 31. Nxg6 c4+ 32. Kh2 fxg6 33. c3 bxc3 34. bxc3 Ba5 35. Bf1 Bxc3 36. Bxc4 Bd4 37. Bd5 Ba6 38. Kg2 Kh6 39. Rh1+ Kg5 40. Rh7 Kf6 41. Rh8 Be2 42. Rf8+ Kg5 43. Rf7 Kh6 44. Kg3 Bd1 45. Rc7 Be3 46. Rc6 Kh7 47. Bf7 g5 48. Bg6+ Kh6 49. Bh5+ Kh7 50. Bg6+ Kh6 51. Bf5+ g6 52. Rxg6+ Kh7 53. Rd6+ Kg7 54. Rxd1 Bf4+ 55. Kg2 Kf6 56. Rd6+ Ke7 57. Re6+ Kd7 58. Kf1 Kc7 59. Ke2 Kb7 60. Kd3 Kc7 61. Kc4 Kb7 62. Kd5 Kc7 63. Rxe5 1-0

[Event "January 9 Early 2024"]
[Site "https://www.chess.com"]
[Date "2024.01.11"]
[Round "7"]
[White "Duda, Jan-Krzysztof"]
[Black "Le, Tuan Minh"]
[Result "1-0"]
[Board "205"]
[TimeControl "180+1"]
[WhiteFideId "1170546"]
[BlackFideId "12401153"]
[WhiteElo "3066"]
[BlackElo "3013"]
[WhiteTeam "POL"]
[BlackTeam "VIE"]
[WhiteClock "0:00:06"]
[BlackClock "0:00:04"]

1. d4 d5 2. Nf3 Nf6 3. Bf4 c5 4. e3 Qb6 5. Nc3 Bd7 6. Rb1 e6 7. Be2 Bd6 8. dxc5 Qxc5 9. Bxd6 Qxd6 10. e4 Nc6 11. exd5 exd5 12. Nb5 Qb8 13. O-O O-O 14. Re1 Re8 15. c3 Bf5 16. Rc1 Be4 17. Qd2 h6 18. Rcd1 a6 19. Nbd4 Qc7 20. h3 Re7 21. Bf1 Rae8 22. Re3 Bxf3 23. Rxe7 Rxe7 24. Nxf3 Qb6 25. Qc2 g6 26. g3 Kg7 27. Kg2 Qc5 28. Nd4 Nxd4 29. Rxd4 Re4 30. Rd1 d4 31. Bd3 Re7 32. cxd4 Qd5+ 33. Kg1 Qxa2 34. d5 Qa5 35. d6 Re1+ 36. Bf1 Rxd1 37. Qxd1 Kf8 38. Qc1 Qd5 39. Qxh6+ Kg8 40. Qf4 Ne8 41. Bg2 Qd1+ 42. Kh2 Nxd6 43. h4 Kg7 44. b4 Qd3 45. Qe5+ Kg8 46. Bd5 Qf5 47. Qxd6 Qxf2+ 48. Bg2 Kg7 49. Qe5+ Kg8 50. Qb8+ Kg7 51. Qxb7 1-0

[Event "January 9 Early 2024"]
[Site "https://www.chess.com"]
[Date "2024.01.11"]
[Round "7"]
[White "Boyer, Mahel"]
[Black "De Winter, Arthur"]
[Result "1-0"]
[Board "206"]
[TimeControl "180+1"]
[WhiteFideId "45102422"]
[BlackFideId "1069020"]
[WhiteElo "2662"]
[BlackElo "2784"]
[WhiteTeam "FRA"]
[BlackTeam "NED"]
[WhiteClock "0:00:04"]
[BlackClock "0:00:08"]

1. e4 c5 2. d3 g6 3. g3 d5 4. exd5 Qxd5 5. Nf3 Bg4 6. Bg2 Qe6+ 7. Be3 Bh6 8. Qd2 Nc6 9. O-O Bxe3 10. fxe3 Nf6 11. Ng5 Qe5 12. Ne4 Nxe4 13. Bxe4 Qxb2 14. Nc3 Qb6 15. Rab1 Qc7 16. Nd5 Qd7 17. Qc3 O-O 18. Qxc5 Rac8 19. Qa3 Be6 20. Nf4 Bf5 21. Bg2 a5 22. Rb5 Nb4 23. Rxb7 Rc7 24. Rxc7 Qxc7 25. c3 Nxd3 26. Nd5 Qe5 27. Qxe7 Be6 28. Rd1 Nb2 29. Rd4 Rb8 30. Qc7 Qxc7 31. Nxc7 Bxa2 32. Na6 Rb6 33. Nc5 Nc4 34. Bd5 Rb1+ 35. Kf2 Rb2+ 36. Kf3 Ne5+ 37. Kf4 Bxd5 38. Kxe5 Bc6 39. Rd6 Be8 40. Rd8 Kf8 41. Ra8 Rxh2 42. Ne4 Rh5+ 43. Kd6 Rf5 44. g4 Rb5 45. c4 Rb6+ 46. Kd5 Re6 47. Nd6 a4 48. c5 Rxe3 49. c6 Rd3+ 50. Ke5 Re3+ 51. Kd4 Re6 52. Kd5 a3 53. c7 1-0

[Event "January 9 Early 2024"]
[Site "https://www.chess.com"]
[Date "2024.01.11"]
[Round "7"]
[White "Martin Fuentes, Alberto"]
[Black "Perossa, Nicolas"]
[Result "0-1"]
[Board "207"]
[TimeControl "180+1"]
[WhiteFideId "2292289"]
[BlackFideId "2850520"]
[WhiteElo "2610"]
[BlackElo "2462"]
[WhiteTeam "ESP"]
[BlackTeam "ITA"]
[WhiteClock "0:00:05"]
[BlackClock "0:00:02"]

1. e4 d6 2. Nc3 c5 3. d3 Nc6 4. g3 e6 5. Bg2 Nge7 6. Be3 b6 7. Qd2 Bb7 8. Nge2 g6 9. Bh6 Qd7 10. Bxf8 Rxf8 11. Qh6 O-O-O 12. Qxh7 Ne5 13. Qh6 f5 14. Qd2 fxe4 15. dxe4 Nf3+ 16. Bxf3 Rxf3 17. Ng1 Rf7 18. f4 d5 19. Nf3 d4 20. Ne2 Qc6 21. Ng5 Rf6 22. O-O-O Qa4 23. Kb1 Nc6 24. Nc1 e5 25. Rhf1 c4 26. Qe2 c3 27. fxe5 Ba6 28. Rd3 Rxf1 29. Qxf1 cxb2 30. Kxb2 Nb4 31. Qe2 Nxd3+ 32. cxd3 Qb4+ 33. Nb3 Qc3+ 34. Ka3 Bxd3 35. Qd2 Qxd2 36. Nxd2 Be2 37. e6 d3 38. Kb4 Kc7 39. Nf7 Re8 40. Ng5 Kd6 41. Kc4 Ke7 42. Kd4 Rd8+ 43. Ke3 Rc8 44. h4 Rc2 45. Nb3 Rxa2 46. Nd4 Bf1 47. Nc6+ Ke8 48. Nh7 d2 49. Nf6+ Kf8 50. e7+ Kg7 51. e8=Q d1=Q 0-1

[Event "January 9 Early 2024"]
[Site "https://www.chess.com"]
[Date "2024.01.11"]
[Round "7"]
[White "Perez Gormaz, Matias"]
[Black "Osinovsky, Stepan"]
[Result "0-1"]
[Board "208"]
[TimeControl "180+1"]
[WhiteFideId "3406342"]
[BlackFideId "4157354"]
[WhiteElo "2641"]
[BlackElo "2412"]
[WhiteTeam "CHI"]
[BlackTeam "RUS"]
[WhiteClock "0:00:01"]
[BlackClock "0:00:05"]

1. d4 Nf6 2. Bf4 g6 3. e3 Bg7 4. Nf3 O-O 5. h3 d6 6. Be2 Nbd7 7. O-O b6 8. Bh2 Bb7 9. c4 Ne4 10. Nfd2 Nxd2 11. Qxd2 e5 12. Nc3 exd4 13. exd4 Nf6 14. Bd3 Re8 15. Rfe1 Qd7 16. d5 Rxe1+ 17. Rxe1 Re8 18. Rxe8+ Qxe8 19. Nb5 Qb8 20. Qe2 a6 21. Nc3 Qe8 22. Qd2 Nd7 23. Bf4 Nc5 24. Bc2 Bc8 25. b4 Nd7 26. Ba4 Qe7 27. Bd1 h5 28. Be3 Nf6 29. Bc2 Nd7 30. Bd3 Qe5 31. Ne2 Qa1+ 32. Kh2 Ne5 33. c5 Nxd3 34. Qxd3 bxc5 35. bxc5 Qxa2 36. Qe4 Be5+ 37. Bf4 Bf5 38. Qf3 Qb2 39. g4 hxg4 40. hxg4 Bb1 41. Ng3 dxc5 42. Bxe5 Qxe5 43. Kg1 a5 44. Qb3 Qe1+ 45. Kg2 Be4+ 46. Kh3 a4 47. Qxa4 Bxd5 48. Qa5 Qe5 49. Qxc5 Bg2+ 50. Kxg2 Qxc5 0-1

[Event "January 9 Early 2024"]
[Site "https://www.chess.com"]
[Date "2024.01.11"]
[Round "7"]
[White "Mrudul Dehankar"]
[Black "Quirke, Jeffrey"]
[Result "0-1"]
[Board "209"]
[TimeControl "180+1"]
[WhiteFideId "25096990"]
[BlackFideId "2013029"]
[WhiteElo "2389"]
[BlackElo "2137"]
[WhiteTeam "IND"]
[BlackTeam "USA"]
[WhiteClock "0:00:03"]
[BlackClock "0:00:06"]

1. e4 e6 2. d4 d5 3. e5 c5 4. c3 Nc6 5. Nf3 Nge7 6. Bd3 cxd4 7. cxd4 Nf5 8. Be3 Qb6 9. Qd2 Bd7 10. Nc3 Nxe3 11. fxe3 Be7 12. O-O O-O 13. Rac1 f6 14. exf6 Bxf6 15. Na4 Qd8 16. Nc5 e5 17. Nxb7 Qb6 18. Nc5 Bg4 19. dxe5 Nxe5 20. Nxe5 Bxe5 21. Bb1 Rxf1+ 22. Kxf1 Rd8 23. Qd3 g6 24. Kg1 Qxb2 25. Re1 Bf5 26. Qb3 Qxb3 27. Nxb3 Be4 28. Bxe4 dxe4 29. Re2 Rd3 30. Kf2 Bc7 31. g3 Bb6 32. Nc1 Rd1 33. Nb3 a5 34. Nd2 a4 35. Nxe4 a3 36. Nc3 Rc1 37. Nd5 Bc5 38. Kf3 Ra1 39. Ke4 Rb1 40. Kd3 Rb2 41. Nc3 Rxe2 42. Kxe2 Kf7 43. Kd3 Ke6 44. Ne4 Be7 45. Nd2 Ke5 46. Nc4+ Kf5 47. e4+ Kg4 48. Ne3+ Kh3 0-1

[Event "January 9 Early 2024"]
[Site "https://www.chess.com"]
[Date "2024.01.11"]
[Round "7"]
[White "Bjerre, Jonas Buhl"]
[Black "Vachier-Lagrave, Maxime"]
[Result "0-1"]
[Board "210"]
[TimeControl "180+1"]
[WhiteFideId "1444948"]
[BlackFideId "623539"]
[WhiteElo "2966"]
[BlackElo "3177"]
[WhiteTeam "DEN"]
[BlackTeam "FRA"]
[WhiteClock "0:00:03"]
[BlackClock "0:00:13"]

1. e4 c5 2. Nf3 d6 3. Bb5+ Bd7 4. Bxd7+ Qxd7 5. O-O Nc6 6. c4 Nf6 7. Nc3 g6 8. d4 cxd4 9. Nxd4 Bg7 10. h3 O-O 11. Be3 a6 12. Rc1 Rfc8 13. Na4 Qd8 14. Nxc6 Rxc6 15. Qd3 Rac8 16. b3 Nd7 17. Rfd1 Qa5 18. Bd2 Qh5 19. Nc3 Bxc3 20. Bxc3 b5 21. Qd4 e5 22. Qe3 bxc4 23. bxc4 Nb6 24. c5 Nc4 25. Qe1 Rxc5 26. Bb4 R5c6 27. Rd3 a5 28. Ba3 Qg5 29. Rdc3 Qe7 30. Qe2 Qe6 31. Bxd6 Rxd6 32. Rxc4 Rcd8 33. R4c2 h5 34. h4 Kg7 35. g3 Qh3 36. Qf1 Qg4 37. Qe2 Qh3 38. Qf1 Qd7 39. Kg2 Qb7 40. Re2 Rd4 41. Rb1 Qc6 42. Qc1 Qe6 43. Qe3 Rd3 44. Qc5 a4 45. Rb6 Qg4 46. Qxe5+ Kg8 47. Re1 Qf3+ 48. Kg1 Rd1 49. Rb1 R1d2 50. Qc5 Rxa2 51. Ra1 Rxa1 52. Rxa1 Rd1+ 53. Rxd1 Qxd1+ 54. Kg2 Qb3 55. Qc8+ Kh7 56. e5 a3 57. g4 Qe6 0-1

[Event "January 9 Early 2024"]
[Site "https://www.chess.com"]
[Date "2024.01.11"]
[Round "7"]
[White "Giri, Anish"]
[Black "Indjic, Aleksandar"]
[Result "1-0"]
[Board "211"]
[TimeControl "180+1"]
[WhiteFideId "24116068"]
[BlackFideId "911925"]
[WhiteElo "3008"]
[BlackElo "2885"]
[WhiteTeam "NED"]
[BlackTeam "SRB"]
[WhiteClock "0:00:08"]
[BlackClock "0:00:12"]

1. e4 d5 2. exd5 Qxd5 3. Nc3 Qa5 4. d4 Nf6 5. Nf3 Bf5 6. Bc4 e6 7. Bd2 Bb4 8. Qe2 O-O 9. O-O-O Nc6 10. Kb1 Rad8 11. a3 Bxa3 12. bxa3 Qxa3 13. Na2 b5 14. Bc1 Qa4 15. Bd3 Nd5 16. Bxf5 exf5 17. Bb2 Ncb4 18. Nc1 Nb6 19. c3 N4d5 20. Qc2 Qa6 21. Ne5 Nc4 22. Rhe1 f6 23. Ned3 Na3+ 24. Bxa3 Qxa3 25. Nb3 a5 26. Qb2 Qa4 27. Nbc5 Qc4 28. Rc1 a4 29. Qa2 Rb8 30. Ka1 Kh8 31. Qxc4 bxc4 32. Nb2 Rfe8 33. Nxc4 Rxe1 34. Rxe1 Nxc3 35. Rc1 Nd5 36. Na5 h5 37. Nc6 Ra8 38. Kb2 a3+ 39. Ka2 Re8 40. Kxa3 Re2 41. Nd3 Rd2 42. Ncb4 Nxb4 43. Nxb4 Rxf2 44. Rxc7 Rxg2 45. d5 Rxh2 46. d6 Rd2 47. d7 Kh7 48. Nc6 h4 49. d8=Q Rxd8 50. Nxd8 Kh6 51. Ne6 h3 52. Nxg7 f4 53. Nf5+ Kg5 54. Nd4 Kg4 55. Rg7+ Kh5 56. Nf3 Kh6 57. Rg4 Kh5 58. Rh4+ Kg6 59. Rxh3 1-0

[Event "January 9 Early 2024"]
[Site "https://www.chess.com"]
[Date "2024.01.11"]
[Round "7"]
[White "Rosenberg, Evan S"]
[Black "Kuhn, Clement"]
[Result "1/2-1/2"]
[Board "212"]
[TimeControl "180+1"]
[WhiteFideId "2019299"]
[BlackFideId "36099775"]
[WhiteElo "2397"]
[BlackElo "2570"]
[WhiteTeam "USA"]
[BlackTeam "FRA"]
[WhiteClock "0:00:05"]
[BlackClock "0:00:08"]

1. d4 Nf6 2. Nf3 c5 3. d5 b5 4. e4 Nxe4 5. Bd3 Nf6 6. Bxb5 g6 7. O-O Bg7 8. c4 O-O 9. h3 d6 10. Re1 Bd7 11. Nc3 Bxb5 12. Nxb5 Nbd7 13. Rb1 Nb6 14. b3 a6 15. Nc3 a5 16. a4 Nbd7 17. Bd2 Re8 18. Nb5 Nb8 19. Bc3 Na6 20. Qd2 Nb4 21. Re2 Qd7 22. Rbe1 Rab8 23. Re3 Bh6 24. Qd1 Bxe3 25. Rxe3 Qf5 26. Qd2 Nfxd5 27. cxd5 Nxd5 28. Rd3 Nf4 29. Re3 Nd5 30. Re1 Nxc3 31. Qxc3 Qd7 32. Qxa5 e5 33. Qd2 e4 34. Nh2 d5 35. Ng4 Kg7 36. Qc3+ d4 37. Qxc5 f5 38. Nh2 d3 39. Nf1 Rec8 40. Qe5+ Kg8 41. Rd1 Qf7 42. Ne3 Qxb3 43. Nd6 Rd8 44. Kh2 Qxa4 45. Qe6+ Kh8 46. Qf6+ Kg8 47. Nd5 Rd7 48. Ne7+ Rxe7 49. Qxe7 Qxd1 50. Qf7+ Kh8 51. Qf6+ Kg8 52. Qf7+ Kh8 53. Qf6+ Kg8 54. Qf7+ 1/2-1/2

[Event "January 9 Early 2024"]
[Site "https://www.chess.com"]
[Date "2024.01.11"]
[Round "7"]
[White "Vincenti, Leonardo"]
[Black "Vakhidov, Shahzod"]
[Result "1-0"]
[Board "213"]
[TimeControl "180+1"]
[WhiteFideId "28550820"]
[BlackFideId "14205270"]
[WhiteElo "2235"]
[BlackElo "2507"]
[WhiteTeam "ITA"]
[BlackTeam "UZB"]
[WhiteClock "0:00:03"]
[BlackClock "0:00:05"]

1. e4 c5 2. Nf3 g6 3. c4 Bg7 4. d4 cxd4 5. Nxd4 Nc6 6. Be3 Nf6 7. Nc3 O-O 8. Be2 d6 9. f3 Bd7 10. O-O Nxd4 11. Bxd4 a5 12. b3 Bc6 13. Nd5 Bxd5 14. cxd5 Nd7 15. Bb5 Bxd4+ 16. Qxd4 Nc5 17. Rab1 Qb6 18. Bc4 Qb4 19. Rfd1 b5 20. Be2 Qxd4+ 21. Rxd4 Rfb8 22. b4 axb4 23. Rdxb4 Rxa2 24. Bxb5 Rd2 25. Bf1 Rxb4 26. Rxb4 f5 27. exf5 gxf5 28. Rf4 Nd7 29. Rxf5 Kg7 30. h4 Ne5 31. f4 Nd7 32. Rg5+ Kf7 33. h5 Nf6 34. h6 Rd1 35. Kf2 Kf8 36. Ke2 Rd4 37. Ke3 Rd1 38. Ke2 Rxd5 39. Rxd5 Nxd5 40. Kf3 Kf7 41. Bc4 e6 42. Bxd5 exd5 43. Ke3 Kf6 44. g4 Kg6 45. g5 Kf5 46. Kd4 1-0

[Event "January 9 Early 2024"]
[Site "https://www.chess.com"]
[Date "2024.01.11"]
[Round "7"]
[White "Soraas, Torben"]
[Black "Novak, Ratko"]
[Result "1/2-1/2"]
[Board "214"]
[TimeControl "180+1"]
[WhiteFideId "1503529"]
[BlackFideId "14511827"]
[WhiteElo "2283"]
[BlackElo "2426"]
[WhiteTeam "NOR"]
[BlackTeam "CRO"]
[WhiteClock "0:00:04"]
[BlackClock "0:00:05"]

1. e4 d5 2. exd5 c6 3. d4 cxd5 4. Bd3 Nc6 5. c3 e5 6. dxe5 Nxe5 7. Qe2 Qe7 8. Bc2 Bg4 9. Qe3 f5 10. Ba4+ Kf7 11. Ne2 Nf6 12. O-O Nc4 13. Qxe7+ Bxe7 14. Nd4 Bc5 15. Be3 Nxb2 16. Bc2 g6 17. h3 Bh5 18. Nxf5 Bxe3 19. Nxe3 Rac8 20. g4 Rhg8 21. Bb3 Nc4 22. Bxc4 dxc4 23. Nd2 b5 24. a4 b4 25. Ndxc4 Rb8 26. cxb4 Rxb4 27. Rfb1 Rgb8 28. Rxb4 Rxb4 29. a5 g5 30. gxh5 Nxh5 31. Rd1 Nf4 32. Rd7+ Kg6 33. Ne5+ Kf6 34. N3g4+ Ke6 35. Rxh7 a6 36. Rh6+ Kf5 37. Kh2 Rb3 38. Rf6+ Ke4 39. f3+ Kd5 40. Rxa6 Rb2+ 41. Kh1 Nxh3 42. Rb6 Ra2 43. Rb5+ Kd4 44. Rb1 Rxa5 45. Rd1+ Kc3 46. Rd3+ Kc2 47. Kh2 Nf4 48. Rd4 Kc3 49. Re4 Ra2+ 50. Kh1 Ra1+ 51. Kh2 Ra2+ 52. Kh1 Ra1+ 53. Kh2 Ra2+ 1/2-1/2

[Event "January 9 Early 2024"]
[Site "https://www.chess.com"]
[Date "2024.01.11"]
[Round "7"]
[White "Skiadopoulos, Nikolaos"]
[Black "Yushko, Olga"]
[Result "0-1"]
[Board "215"]
[TimeControl "180+1"]
[WhiteFideId "4200772"]
[BlackFideId "14114500"]
[WhiteElo "1925"]
[BlackElo "2117"]
[WhiteTeam "GRE"]
[BlackTeam "UKR"]
[WhiteClock "0:00:14"]
[BlackClock "0:00:24"]

1. e4 e6 2. d4 d5 3. e5 c5 4. c3 Nc6 5. Nf3 Qb6 6. Bd3 cxd4 7. cxd4 Nge7 8. O-O Nf5 9. Bxf5 exf5 10. Nc3 Be6 11. b3 Be7 12. Na4 Qd8 13. Bb2 O-O 14. Rc1 Rc8 15. a3 b6 16. b4 h6 17. Qd3 Qd7 18. Nc3 Nb8 19. Ne2 g5 20. Rxc8 Rxc8 21. Rc1 Rxc1+ 22. Bxc1 Qc6 23. Qc3 Qxc3 24. Nxc3 Nc6 25. Nb5 g4 26. Ne1 a6 27. Nc7 Nxd4 28. Kf1 a5 29. bxa5 bxa5 30. f3 Bc5 31. Nd3 Bb6 32. Nxe6 fxe6 33. Bxh6 gxf3 34. Be3 fxg2+ 35. Kxg2 Ba7 36. Nf4 Kf7 37. h4 Nc6 38. Bc1 Nxe5 39. h5 Ng4 40. Kg3 Bc5 41. a4 Be3 42. Nd3 Bxc1 43. Nxc1 e5 44. Nb3 d4 45. Nxa5 d3 46. Nc4 e4 47. Kf4 Kf6 48. a5 Ne5 49. Nd2 Ng4 50. Nxe4+ fxe4 51. a6 d2 0-1

[Event "January 9 Early 2024"]
[Site "https://www.chess.com"]
[Date "2024.01.11"]
[Round "7"]
[White "Kuznecova, Marija"]
[Black "Cordoba Roa, Angel Gabriel"]
[Result "0-1"]
[Board "216"]
[TimeControl "180+1"]
[WhiteFideId "11618736"]
[BlackFideId "3957624"]
[WhiteElo "2383"]
[BlackElo "2618"]
[WhiteTeam "LAT"]
[BlackTeam "COL"]
[WhiteClock "0:00:03"]
[BlackClock "0:00:22"]

1. e4 e5 2. Nf3 Nc6 3. d4 exd4 4. Nxd4 Nf6 5. Nxc6 bxc6 6. e5 Qe7 7. Qe2 Nd5 8. c4 Nb6 9. Nd2 g6 10. Ne4 Bg7 11. Bg5 Qb4+ 12. Qd2 Qxd2+ 13. Kxd2 Bxe5 14. Re1 O-O 15. Nf6+ Bxf6 16. Bxf6 d6 17. h4 Be6 18. b3 Rfe8 19. Bd3 a5 20. h5 Nd7 21. Bc3 Ne5 22. Bxe5 dxe5 23. Rxe5 a4 24. b4 a3 25. Kc3 Reb8 26. hxg6 hxg6 27. Bxg6 Ra4 28. Bc2 Raxb4 29. Bb3 R4b7 30. f4 Kg7 31. Rg5+ Kf6 32. Rh6+ Ke7 33. f5 Bd7 34. f6+ Kd8 35. Rg8+ Be8 36. c5 Kd7 37. Rh7 Rb5 38. Bxf7 Rxc5+ 39. Kd4 Bxf7 40. Rxf7+ Ke6 41. Re7+ Kxf6 42. Rxb8 Rd5+ 43. Kc3 Kxe7 44. Ra8 Rg5 45. Rxa3 Rxg2 46. Ra8 Kd6 47. a4 Kc5 48. a5 Rg3+ 49. Kc2 Ra3 50. Rc8 Rxa5 51. Rxc7 Ra2+ 52. Kb3 Rf2 53. Rc8 Rf3+ 54. Kc2 Kb5 55. Kb2 c5 56. Kc1 Kb4 57. Kc2 c4 58. Kc1 Rf2 59. Kd1 Kb3 60. Rb8+ Kc3 61. Rb1 Rf1+ 0-1

[Event "January 9 Early 2024"]
[Site "https://www.chess.com"]
[Date "2024.01.11"]
[Round "7"]
[White "Mizzi, Jack"]
[Black "Suyarov, Mukhammadzokhid"]
[Result "0-1"]
[Board "217"]
[TimeControl "180+1"]
[WhiteFideId "5602521"]
[BlackFideId "14210495"]
[WhiteElo "2493"]
[BlackElo "2749"]
[WhiteTeam "MLT"]
[BlackTeam "UZB"]
[WhiteClock "0:00:01"]
[BlackClock "0:00:17"]

1. d4 Nf6 2. c4 e6 3. g3 c5 4. d5 exd5 5. cxd5 d6 6. Bg2 g6 7. Nf3 Bg7 8. O-O O-O 9. Nc3 a6 10. a4 Re8 11. Nd2 Nbd7 12. Nc4 Ne5 13. Nxe5 Rxe5 14. e4 Re8 15. Re1 Rb8 16. a5 Bd7 17. h3 b5 18. axb6 Qxb6 19. Qc2 Bb5 20. Bf4 Nd7 21. Na4 Qc7 22. Nc3 Bd4 23. Red1 Qb6 24. h4 Ne5 25. Na4 Bxa4 26. Qxa4 Qxb2 27. Ra2 Qc3 28. Qxa6 Rb2 29. Rf1 Ng4 30. Qa4 Reb8 31. Ra3 Bxf2+ 32. Kh1 Qf6 33. Qd7 Rb1 34. Rxb1 Rxb1+ 35. Bf1 Rxf1+ 36. Kg2 Rg1+ 37. Kf3 Ne5+ 38. Kxf2 Nxd7 39. Kxg1 Qd4+ 40. Kf1 Qxe4 41. Ra7 Nf8 42. Ra8 Qxd5 43. Rd8 Qd3+ 44. Kg1 Kg7 45. h5 Qd1+ 46. Kg2 Qxh5 47. Bxd6 Ne6 48. Re8 c4 49. Bb4 Qd5+ 50. Kf2 Qd4+ 51. Ke2 Qb2+ 0-1

[Event "January 9 Early 2024"]
[Site "https://www.chess.com"]
[Date "2024.01.11"]
[Round "7"]
[White "Ozates, Tuna"]
[Black "Sidletskyi, Ivan"]
[Result "1-0"]
[Board "218"]
[TimeControl "180+1"]
[WhiteFideId "6354521"]
[BlackFideId "14156024"]
[WhiteElo "2677"]
[BlackElo "2507"]
[WhiteTeam "TUR"]
[BlackTeam "UKR"]
[WhiteClock "0:00:06"]
[BlackClock "0:00:02"]

1. e4 e6 2. d4 d5 3. Nd2 c5 4. exd5 Qxd5 5. dxc5 Nf6 6. Ngf3 Nc6 7. Be2 Bxc5 8. O-O O-O 9. a4 b6 10. c3 Bb7 11. b4 Be7 12. Nc4 Rfd8 13. Qc2 Qe4 14. Qb2 Nd5 15. a5 Bf6 16. Ra3 Nxc3 17. Rxc3 Bxc3 18. Qxc3 Qxe2 19. Ne3 Rac8 20. Bb2 f6 21. Qb3 Re8 22. Re1 Qb5 23. Ng4 Qxb4 24. Nxf6+ gxf6 25. Qa2 Ne5 26. Bxe5 Bxf3 27. Qa1 Qg4 28. Bg3 Bd5 29. Qxf6 Qg6 30. Qd4 Rc4 31. Qd2 Rec8 32. axb6 axb6 33. h4 b5 34. Re5 Rg4 35. h5 Qg7 36. Rxd5 exd5 37. Qxd5+ Qf7 38. Qd1 Rxg3 39. fxg3 Rc4 40. Qd8+ Kg7 41. Qg5+ Kf8 42. Qd8+ Qe8 43. Qf6+ Kg8 44. h6 Rc7 45. Qg5+ Kf7 46. Qg7+ Ke6 47. Qxc7 Qd7 48. Qc2 Qd5 49. Qxh7 Qd4+ 50. Kh2 Qe5 51. Qg6+ Kd5 52. h7 b4 53. Qg8+ Kd4 54. h8=Q 1-0

[Event "January 9 Early 2024"]
[Site "https://www.chess.com"]
[Date "2024.01.11"]
[Round "7"]
[White "Rozman, Levy"]
[Black "Shohat, Yotam"]
[Result "0-1"]
[Board "219"]
[TimeControl "180+1"]
[WhiteFideId "2039877"]
[BlackFideId "2813955"]
[WhiteElo "2646"]
[BlackElo "2450"]
[WhiteTeam "USA"]
[BlackTeam "ISR"]
[WhiteClock "0:00:02"]
[BlackClock "0:00:03"]

1. d4 Nf6 2. Bg5 d5 3. Nd2 c5 4. e3 cxd4 5. exd4 Nc6 6. c3 Bg4 7. Be2 Bxe2 8. Qxe2 e6 9. f4 Be7 10. Ngf3 O-O 11. O-O Ne8 12. Rae1 Nd6 13. Bxe7 Nxe7 14. Ne5 b5 15. Qh5 Nef5 16. Nef3 b4 17. g4 bxc3 18. bxc3 Ne7 19. Re3 g6 20. Qh6 Nef5 21. gxf5 Nxf5 22. Qh3 Nxe3 23. Ng5 h5 24. Qxe3 Rc8 25. Rc1 Qa5 26. Nb3 Qxa2 27. Nc5 Rb8 28. Nd7 Rb2 29. Qg3 Rb1 30. Rxb1 Qxb1+ 31. Kg2 Qc2+ 32. Kh3 Qf5+ 33. Kh4 Rc8 34. h3 Rxc3 35. Nf3 Kg7 36. Nde5 f6 37. Nd7 g5+ 38. fxg5 fxg5+ 39. Qxg5+ Qxg5+ 40. Nxg5 Rc2 41. Nxe6+ Kf7 42. Nf4 a5 43. Nc5 Rc4 44. Ne2 a4 45. Kxh5 a3 46. Nb3 a2 47. Na1 Rb4 48. Kg5 Rb1 49. Nc2 Rb2 50. Na1 Rxe2 51. Kf5 Re1 52. Nb3 Rb1 53. Nd2 a1=Q 54. Nf3 Rf1 0-1

[Event "January 9 Early 2024"]
[Site "https://www.chess.com"]
[Date "2024.01.11"]
[Round "7"]
[White "Syaputra, Arifa Rizki"]
[Black "Berezin, Viktor"]
[Result "1-0"]
[Board "220"]
[TimeControl "180+1"]
[WhiteFideId "7105100"]
[BlackFideId "14107872"]
[WhiteElo "2732"]
[BlackElo "2516"]
[WhiteTeam "INA"]
[BlackTeam "UKR"]
[WhiteClock "0:00:07"]
[BlackClock "0:00:16"]

1. e4 g6 2. d4 Bg7 3. Nc3 d6 4. Bc4 Nf6 5. h3 O-O 6. Nf3 Nc6 7. O-O e5 8. dxe5 Nxe5 9. Bb3 Nxf3+ 10. Qxf3 Be6 11. Bg5 c6 12. e5 dxe5 13. Ne4 Bxb3 14. axb3 Nxe4 15. Bxd8 Nd2 16. Qe2 Rfxd8 17. Rfd1 Bh6 18. Qxe5 a6 19. Qc7 Rab8 20. Kh1 Bg5 21. f3 h6 22. Ra4 b5 23. Rxa6 Rbc8 24. Qb7 c5 25. Ra7 Rf8 26. Qxb5 c4 27. bxc4 Nxc4 28. Rdd7 Ne3 29. c3 Nf5 30. Qd3 Rce8 31. Ra1 Ng3+ 32. Kh2 Bf4 33. Rd4 Bb8 34. f4 Ne2 35. Rf1 g5 36. g3 Nxd4 37. Qxd4 Re2+ 38. Rf2 Rfe8 39. Kg2 R2e7 40. fxg5 hxg5 41. Qf6 Re3 42. Qxf7+ Kh8 43. Qh5+ Kg8 44. Qg6+ Kh8 45. Qh6+ Kg8 46. Qxg5+ Kh8 47. h4 Rxg3+ 48. Qxg3 Bxg3 49. Kxg3 Kg7 50. b4 Re3+ 51. Rf3 Re1 52. Kf4 Kf6 53. Re3 Rc1 54. Ke4 Rh1 55. Kd5 Rxh4 56. c4 Rh5+ 57. Kd6 Kf5 58. Re5+ 1-0

[Event "January 9 Early 2024"]
[Site "https://www.chess.com"]
[Date "2024.01.11"]
[Round "7"]
[White "Herman, Matthew"]
[Black "Khouri, Ahmed Abbas"]
[Result "0-1"]
[Board "221"]
[TimeControl "180+1"]
[WhiteFideId "2028964"]
[BlackFideId "9301518"]
[WhiteElo "2510"]
[BlackElo "2307"]
[WhiteTeam "USA"]
[BlackTeam "UAE"]
[WhiteClock "0:00:06"]
[BlackClock "0:00:06"]

1. e4 d5 2. exd5 Qxd5 3. Nc3 Qd6 4. d4 Nf6 5. Nf3 Bg4 6. h3 Bh5 7. g4 Bg6 8. Ne5 Nbd7 9. f4 e6 10. Bg2 c6 11. a3 Be7 12. h4 h5 13. Nxg6 fxg6 14. g5 Nd5 15. Ne4 Qc7 16. Rf1 O-O 17. Qd2 b5 18. Bh3 Rf5 19. Bxf5 exf5 20. Nc3 Bd6 21. Nxd5 cxd5 22. Kf2 Re8 23. Kg3 Re4 24. Qd3 Nf8 25. Bd2 Ne6 26. c3 Nxf4 27. Bxf4 Bxf4+ 28. Kg2 Re3 29. Qxb5 Rg3+ 30. Kf2 Be3+ 31. Ke2 Rg2+ 32. Kd3 Qd6 33. Rf3 f4 34. c4 dxc4+ 35. Qxc4+ Kh7 36. Rd1 Qb6 37. b4 Qb7 38. Rxe3 fxe3 39. Kxe3 Rg3+ 40. Kd2 Qg2+ 41. Kc1 Rxa3 42. Rd2 Qg1+ 43. Kc2 Qa1 44. d5 a5 45. bxa5 Ra2+ 46. Kd3 Qb1+ 47. Ke2 Ra1 48. d6 Qf1+ 49. Ke3 Qxc4 50. d7 Ra3+ 51. Kf2 Qf4+ 52. Ke2 Qf3+ 53. Ke1 Ra1+ 0-1